Map: Eternal Empire LE

Players

Has - Winner!

  • Race: Protoss Protoss
  • Spawn Location: 1:00

Rex

  • Race: Zerg Zerg
  • League: Master
  • Spawn Location: 7:00

Event: DreamHack SC2 Masters 2020 Summer TwHkMoJp

VOD

Have the link to the VOD?

Description

Time

  • Played on: June 25, 2020, 7:13 a.m.
  • Length: 9:11

All games in this series

Show
View Real Time Build Order
Export as new Build Order

Has Protoss - Winner!

Build Orders: 1 Gate Expand, Phoenix Opening, Mass Adepts 

Get SALT Encoding   

  12  0:00  Probe  
  13  0:12  Probe  
  14  0:17  Pylon  
  14  0:25  Probe  
  15  0:34  Probe  
  15  0:35  Gateway  
  16  0:43  Probe  
  16  0:44  Assimilator  
  17  0:54  Probe  
  18  1:06  Probe  
  19  1:18  Probe  
  20  1:25  Nexus  
  20  1:37  Cybernetics Core  
  20  1:39  Probe  
  21  1:44  Assimilator  
  21  1:51  Probe  
  22  1:55  Pylon  
  22  2:04  Adept, Probe  
  23  2:13  Stargate  
  25  2:18  Probe  
  26  2:24  Warp Gate  
  26  2:30  Probe  
  26  2:33  Probe  
  26  2:34  Adept  
  29  2:42  Probe x2  
  31  2:48  Phoenix  
  32  2:52  Probe  
  32  2:54  Probe  
  36  3:04  Probe  
  37  3:06  Probe  
  38  3:14  Twilight Council  
  38  3:16  Probe  
  38  3:18  Probe  
  40  3:23  Gateway  
  40  3:24  Gateway  
  40  3:28  Probe  
  40  3:33  Resonating Glaives  
  41  3:35  Probe  
  41  3:36  Gateway  
  41  3:40  Adept  
  45  3:42  Pylon  
  44  3:50  Probe x2  
  46  4:01  Pylon  
  46  4:08  Nexus  
  48  4:19  Adept x3  
  48  4:23  Probe x2  
  54  4:32  Adept  
  54  4:34  Forge  
  54  4:36  Pylon  
  56  4:40  Adept x2  
  56  4:43  Adept  
  62  4:53  Assimilator  
  62  4:54  Probe x2  
  62  4:55  Assimilator  
  62  4:56  Adept  
  66  5:04  Pylon  
  66  5:19  Probe x2  
  66  5:21  Probe  
  67  5:31  Probe x2  
  67  5:33  Probe  
  67  5:35  Adept x4  
  74  5:38  Pylon  
  70  5:43  Probe x2  
  70  5:45  Probe  
  71  5:56  Protoss Ground Weapons Level 1, Probe x2  
  73  5:57  Robotics Facility, Probe  
  73  5:58  Robotics Facility  
  70  6:06  Assimilator x2  
  70  6:08  Blink, Probe x2  
  70  6:09  Probe  
  69  6:18  Pylon  
  69  6:20  Sentry x2, Probe x2  
  69  6:21  Probe  
  76  6:25  Photon Cannon  
  76  6:30  Pylon  
  76  6:32  Probe x2  
  78  6:33  Probe  
  78  6:35  Immortal, Pylon  
  78  6:37  Warp Prism  
  79  6:41  Gateway  
  79  6:43  Gateway  
  79  6:44  Probe  
  79  6:45  Gateway  
  84  6:49  Sentry x2  
  84  6:53  Sentry  
  92  6:56  Stalker  
  94  7:03  Probe x2  
  94  7:04  Probe  
  97  7:08  Immortal  
  97  7:10  Immortal  
  97  7:14  Gateway  
  97  7:15  Stalker x2  
  109  7:25  Sentry  
  109  7:28  Stalker  
  113  7:36  Sentry, Shield Battery  
  115  7:40  Pylon  
  113  7:49  Zealot  
  107  7:55  Pylon x2  
  107  7:56  Pylon  
  107  7:58  Probe x2  
  105  8:01  Zealot x3  
  98  8:06  Zealot  
  98  8:07  Zealot x3  
  98  8:13  Zealot  
  98  8:14  Probe  
  98  8:15  Probe  
  98  8:17  Immortal  
  100  8:19  Pylon  
Show
View Real Time Build Order
Export as new Build Order

Rex Zerg 

Build Orders: Hatch First 

Get SALT Encoding   

  12  0:00  Drone  
  13  0:12  Overlord  
  13  0:16  Drone  
  14  0:31  Drone x2  
  16  0:48  Hatchery  
  15  0:52  Drone  
  15  0:56  Drone  
  17  0:59  Drone  
  18  1:11  Extractor  
  17  1:14  Spawning Pool  
  17  1:17  Drone  
  17  1:20  Drone  
  18  1:30  Drone  
  19  1:42  Drone  
  19  1:46  Hatchery  
  19  2:00  Drone  
  19  2:01  Queen  
  20  2:02  Zergling x2  
  23  2:12  Queen  
  25  2:19  Drone  
  25  2:22  Overlord  
  26  2:28  Metabolic Boost  
  26  2:32  Zergling x2  
  26  2:33  Zergling x2  
  28  2:41  Drone x3  
  31  2:46  Drone  
  31  2:51  Queen  
  34  2:58  Queen  
  34  3:03  Overlord  
  35  3:09  Drone x2  
  37  3:17  Drone  
  37  3:18  Drone x2  
  37  3:19  Drone x2  
  42  3:24  Overlord  
  42  3:30  Drone x3  
  45  3:36  Overlord  
  45  3:38  Drone x2  
  47  3:43  Spore Crawler x2  
  47  3:48  Drone x2  
  47  3:51  Queen  
  47  3:55  Spore Crawler  
  48  3:59  Drone x2  
  48  4:00  Drone  
  50  4:03  Drone  
  50  4:04  Drone  
  50  4:06  Drone  
  53  4:11  Roach Warren  
  53  4:15  Zergling x8  
  56  4:21  Overlord  
  56  4:27  Drone  
  56  4:29  Lair  
  56  4:34  Overlord x2  
  56  4:36  Drone  
  57  4:40  Drone x6  
  57  4:42  Drone  
  57  4:43  Drone  
  65  4:46  Overlord  
  65  4:51  Overlord  
  65  4:53  Zergling x4  
  65  4:54  Zergling x2  
  65  4:57  Drone  
  69  5:00  Extractor x2  
  69  5:01  Extractor x2  
  64  5:08  Drone  
  64  5:09  Queen  
  64  5:12  Spore Crawler  
  66  5:14  Drone x4  
  66  5:18  Roach x4, Zergling x2  
  74  5:21  Roach  
  74  5:22  Zergling x2  
  74  5:25  Roach  
  76  5:33  Roach x3  
  79  5:37  Roach x2  
  80  5:44  Zergling x6  
  79  5:56  Zergling x8  
  80  6:03  Drone  
  72  6:24  Zergling x6  
  75  6:35  Nydus Network  
  74  6:46  Zergling x16  
  82  6:54  Overlord  
  82  6:55  Ravager x3  
  85  7:07  Zergling x14  
  92  7:11  Nydus Canal  
  92  7:13  Ravager  
  93  7:16  Zergling x4  
  93  7:19  Zergling x2  
  96  7:25  Ravager  
  95  7:36  Zergling x12  
  94  7:38  Ravager  
  94  7:39  Ravager  
  92  7:49  Zergling x12  
  87  7:54  Zergling x2  
  82  7:59  Zergling x4  
  82  8:03  Zergling x2  
  81  8:09  Zergling x4  
  74  8:17  Roach  
Tags
 
Add a new tag
Caveats
  • Supply blocks, unpowered buildings, or Contaminate may cause inaccurate times.
  • Supply counts are checked every 10 seconds.